PBL
WINDY CITY THUNDERBOLTS @ WINNIPEG GOLDEYES
10/19/2048
 
TOP OF THE 1ST
Louisiana State University Tigers batting - Pitching for Coastal Carolina University Chanticleers : RHP Matt Schnurer
Pitching: RHP Matt Schnurer
Batting: LHB Alex Morales 0-0: Foul Ball, location: 2F
0-1: Foul Ball, location: 2F
0-2: Strikes out swinging
Batting: RHB Keith Ashton 0-0: Called Strike
0-1: Foul Ball, location: 2F
0-2: Ball
1-2: Foul Ball, location: 2F
1-2: Strikes out swinging
Batting: RHB Pete Roberts 0-0: Ball
1-0: Ball
2-0: Fly out, F7 (Flyball, 7, EV 93.8 MPH)
Top of the 1st over - 0 runs, 0 hits, 0 errors, 0 left on base; Louisiana State University 0 - Coastal Carolina University 0
BOTTOM OF THE 1ST
Coastal Carolina University Chanticleers batting - Pitching for Louisiana State University Tigers : LHP Dan Cunningham
Pitching: LHP Dan Cunningham
Batting: RHB Tatsunori Ishigaki 0-0: Swinging Strike
0-1: Ball
1-1: Called Strike
1-2: Foul Ball, location: 2F
1-2: Foul Ball, location: 2F
1-2: Ball
2-2: SINGLE (Groundball, 4MD, EV 102.5 MPH)
Batting: RHB Dennis Bennett 0-0: Called Strike
0-1: Foul Ball, location: 2F
0-2: Foul Ball, location: 2F
0-2: Fielders Choice at 2nd, 4-6 (Groundball, 34, EV 100.6 MPH)
Batting: LHB Rafael Banda 0-0: Called Strike
0-1: Ball
1-1: Called Strike
1-2: Strikes out swinging
Batting: RHB Tristan Williams 0-0: Called Strike
0-1: Foul Ball, location: 2F
0-2: Foul Ball, location: 2F
0-2: Fly out, F6 (Line Drive, 6, EV 66.2 MPH)
Bottom of the 1st over - 0 runs, 1 hit, 0 errors, 1 left on base; Louisiana State University 0 - Coastal Carolina University 0
TOP OF THE 2ND
Louisiana State University Tigers batting - Pitching for Coastal Carolina University Chanticleers : RHP Matt Schnurer
Batting: RHB Winston Vasquez 0-0: Ball
1-0: Ball
2-0: Ground out 6-3 (Groundball, 6MS, EV 65.0 MPH)
Batting: RHB Isaiah Heath 0-0: Foul Ball, location: 2F
0-1: Ball
1-1: Ball
2-1: SINGLE (Groundball, 56D, EV 104.4 MPH)
Batting: RHB Peter Turcotte 0-0: Called Strike
0-1: Swinging Strike
0-2: Reached on error, E5 (Groundball, 15, EV 86.2 MPH)
Isaiah Heath to second
Batting: RHB David Olivarez 0-0: Foul Ball, location: 2F
0-1: Ball
1-1: Called Strike
1-2: Strikes out swinging
Batting: LHB Oscar Rivera 0-0: Called Strike
0-1: Ball
1-1: Fly out, F8 (Flyball, 8LD, EV 90.6 MPH)
Top of the 2nd over - 0 runs, 1 hit, 1 error, 2 left on base; Louisiana State University 0 - Coastal Carolina University 0
BOTTOM OF THE 2ND
Coastal Carolina University Chanticleers batting - Pitching for Louisiana State University Tigers : LHP Dan Cunningham
Batting: LHB Orlando Hurtado 0-0: Ground out 6-3 (Groundball, 6S, EV 76.9 MPH)
Batting: RHB Armando Moreno 0-0: Ball
1-0: Ground out 6-3 (Groundball, 6, EV 87.5 MPH)
Batting: LHB Jose Peralez 0-0: Ball
1-0: Foul Ball, location: 2F
1-1: Ball
2-1: Swinging Strike
2-2: Strikes out swinging
Bottom of the 2nd over - 0 runs, 0 hits, 0 errors, 0 left on base; Louisiana State University 0 - Coastal Carolina University 0
TOP OF THE 3RD
Louisiana State University Tigers batting - Pitching for Coastal Carolina University Chanticleers : RHP Matt Schnurer
Batting: RHB David Dye 0-0: Ground out 4-3 (Groundball, 4, EV 108.1 MPH)
Batting: LHB Alex Morales 0-0: Ball
1-0: Ball
2-0: Ball
3-0: Called Strike
3-1: Base on Balls
Batting: RHB Keith Ashton 0-0: Ball
Alex Morales steals 2nd base
1-0: Ball
2-0: Fly out, F8 (Flyball, 8RM, EV 85.0 MPH)
Runner from 2nd tags up, OUT at 3rd! 8-5
Top of the 3rd over - 0 runs, 0 hits, 0 errors, 0 left on base; Louisiana State University 0 - Coastal Carolina University 0
BOTTOM OF THE 3RD
Coastal Carolina University Chanticleers batting - Pitching for Louisiana State University Tigers : LHP Dan Cunningham
Batting: RHB Mark Tart 0-0: SINGLE (Groundball, 6MD, EV 98.1 MPH)
Batting: LHB Gong Tow 0-0: Foul Ball, location: 2F
0-1: Called Strike
0-2: Ball
1-2: Strikes out swinging
Batting: RHB Tatsunori Ishigaki 0-0: Foul Ball, location: 2F
0-1: Called Strike
0-2: Ball
1-2: Strikes out swinging
Batting: RHB Dennis Bennett 0-0: Ball
1-0: Foul Ball, location: 2F
1-1: Ground out 4-3 (Groundball, 4, EV 105.6 MPH)
Bottom of the 3rd over - 0 runs, 1 hit, 0 errors, 1 left on base; Louisiana State University 0 - Coastal Carolina University 0
TOP OF THE 4TH
Louisiana State University Tigers batting - Pitching for Coastal Carolina University Chanticleers : RHP Matt Schnurer
Batting: RHB Pete Roberts 0-0: Ball
1-0: Ball
2-0: Ground out 6-3 (Groundball, 6, EV 83.8 MPH)
Batting: RHB Winston Vasquez 0-0: Fly out, F7 (Flyball, 7D, EV 101.9 MPH)
Batting: RHB Isaiah Heath 0-0: Ball
1-0: Ball
2-0: Foul Ball, location: 2F
2-1: Foul Ball, location: 2F
2-2: Ball
3-2: Strikes out swinging
Top of the 4th over - 0 runs, 0 hits, 0 errors, 0 left on base; Louisiana State University 0 - Coastal Carolina University 0
BOTTOM OF THE 4TH
Coastal Carolina University Chanticleers batting - Pitching for Louisiana State University Tigers : LHP Dan Cunningham
Batting: LHB Rafael Banda 0-0: Fly out, F7 (Flyball, 78S, EV 85.6 MPH)
Batting: RHB Tristan Williams 0-0: Called Strike
0-1: Called Strike
0-2: Ball
1-2: Ball
2-2: Ball
3-2: Foul Ball, location: 2F
3-2: Ground out 5-3 (Groundball, 5L, EV 88.1 MPH)
Batting: LHB Orlando Hurtado 0-0: Called Strike
0-1: Ground out 5-3 (Groundball, 5L, EV 91.9 MPH)
Bottom of the 4th over - 0 runs, 0 hits, 0 errors, 0 left on base; Louisiana State University 0 - Coastal Carolina University 0
TOP OF THE 5TH
Louisiana State University Tigers batting - Pitching for Coastal Carolina University Chanticleers : RHP Matt Schnurer
Now at 2B: Tatsunori Ishigaki
Now at SS: Ferri Casteleijn
Batting: RHB Peter Turcotte 0-0: Foul Ball, location: 2F
0-1: Swinging Strike
0-2: Fly out, F8 (Flyball, 8RD, EV 91.9 MPH)
Batting: RHB David Olivarez 0-0: Ball
1-0: Ground out 4-3 (Groundball, 34, EV 91.9 MPH)
Batting: LHB Oscar Rivera 0-0: Foul Ball, location: 2F
0-1: Swinging Strike
0-2: Fly out, F8 (Flyball, 78D, EV 106.9 MPH)
Top of the 5th over - 0 runs, 0 hits, 0 errors, 0 left on base; Louisiana State University 0 - Coastal Carolina University 0
BOTTOM OF THE 5TH
Coastal Carolina University Chanticleers batting - Pitching for Louisiana State University Tigers : LHP Dan Cunningham
Now at C: Alfredo Padilla
Now at 1B: Zachary Acker
Now at 2B: Michael Maier
Now at 3B: Steve McCoig
Now in RF: Elvin Ruffolo
Batting: RHB Armando Moreno 0-0: Foul Ball, location: 2F
0-1: Ball
1-1: Ball
2-1: Called Strike
2-2: Ball
3-2: Fly out, F9 (Flyball, 9LM, EV 89.4 MPH)
Batting: LHB Jose Peralez 0-0: Ball
1-0: Ball
2-0: Called Strike
2-1: Ball
3-1: SINGLE (Groundball, 34S, EV 85.6 MPH) (infield hit)
Batting: RHB Mark Tart 0-0: Ball
1-0: Fly out, F8 (Line Drive, 89M, EV 105.0 MPH)
Batting: LHB Gong Tow 0-0: Ball
1-0: Called Strike
1-1: Foul Ball, location: 2F
1-2: Strikes out looking
Bottom of the 5th over - 0 runs, 1 hit, 0 errors, 1 left on base; Louisiana State University 0 - Coastal Carolina University 0
TOP OF THE 6TH
Louisiana State University Tigers batting - Pitching for Coastal Carolina University Chanticleers : RHP Matt Schnurer
Now at C: Jeremy Stockwell
Now at 1B: Justin Klein
Now in CF: Iher Waithaka
Batting: RHB David Dye 0-0: Fly out, F9 (Flyball, 89M, EV 76.9 MPH)
Pinch Hitting: LHB John Carter 0-0: Called Strike
0-1: Ball
1-1: Fly out, F7 (Flyball, 7S, EV 86.9 MPH)
Batting: RHB Zachary Acker 0-0: Ball
1-0: Called Strike
1-1: Ball
2-1: Ball
3-1: SOLO HOME RUN (Flyball, 7D, EV 102.5 MPH), Distance : 415 ft
Batting: RHB Steve McCoig 0-0: Ball
1-0: Called Strike
1-1: Ball
2-1: Foul Ball, location: 2F
2-2: Ball
3-2: Strikes out swinging
Top of the 6th over - 1 run, 1 hit, 0 errors, 0 left on base; Louisiana State University 1 - Coastal Carolina University 0
BOTTOM OF THE 6TH
Coastal Carolina University Chanticleers batting - Pitching for Louisiana State University Tigers : LHP Dan Cunningham
Pitching: RHP D.J. Ganz
Now in LF: Jake Garza
Now in CF: Brian Caruso
Pinch Hitting: RHB Rene Napoles 0-0: Ball
1-0: Ball
2-0: Called Strike
2-1: Called Strike
2-2: Ball
3-2: Ground out 6-3 (Groundball, 6, EV 88.1 MPH)
Batting: RHB Ferri Casteleijn 0-0: Foul Ball, location: 2F
0-1: Ball
1-1: Called Strike
1-2: Ball
2-2: Fly out, F8 (Flyball, 8RM, EV 83.8 MPH)
Pinch Hitting: LHB Nate Kokx 0-0: Ball
1-0: Ball
2-0: Called Strike
2-1: Foul Ball, location: 2F
2-2: Reached on error, E1 (Groundball, 15S, EV 71.9 MPH)
Batting: RHB Tristan Williams 0-0: Ball
1-0: Ball
2-0: TRIPLE (Line Drive, 89XD, EV 101.9 MPH)
Nate Kokx scores
Pinch Hitting: RHB Mike Grogan 0-0: Swinging Strike
0-1: Foul Ball, location: 2F
0-2: Ball
1-2: Fly out, F8 (Flyball, 89M, EV 83.8 MPH)
Bottom of the 6th over - 1 run, 1 hit, 1 error, 1 left on base; Louisiana State University 1 - Coastal Carolina University 1
TOP OF THE 7TH
Louisiana State University Tigers batting - Pitching for Coastal Carolina University Chanticleers : RHP Matt Schnurer
Pitching: LHP Anthon Kok
Now at 1B: Nate Kokx
Now at 2B: Ferri Casteleijn
Now at 3B: Tim Kirby
Now at SS: Rene Napoles
Now in LF: Chris McDaniel
Now in CF: Justin Sanders
Now in RF: Ramelan Nasution
Pinch Hitting: RHB Stewart Walker 0-0: Called Strike
0-1: Swinging Strike
0-2: Foul Ball, location: 2F
0-2: Strikes out swinging
Batting: LHB Manny Grado 0-0: Swinging Strike
0-1: Foul Ball, location: 2F
0-2: Ball
1-2: Foul Ball, location: 2F
1-2: Foul Ball, location: 2F
1-2: Strikes out swinging
Batting: RHB Michael Maier 0-0: Foul Ball, location: 2F
0-1: Ball
1-1: Swinging Strike
1-2: Strikes out swinging
Top of the 7th over - 0 runs, 0 hits, 0 errors, 0 left on base; Louisiana State University 1 - Coastal Carolina University 1
BOTTOM OF THE 7TH
Coastal Carolina University Chanticleers batting - Pitching for Louisiana State University Tigers : RHP D.J. Ganz
Pitching: RHP Jessie Amann
Now in RF: Leo Roldan
Batting: RHB Chris McDaniel 0-0: Swinging Strike
0-1: SINGLE (Groundball, 56D, EV 99.4 MPH)
Batting: LHB Jeremy Stockwell 0-0: Sac Bunt to 2L - play at first, batter OUT! 2-3
Chris McDaniel to second
Batting: LHB Justin Kaller 0-0: Ball
1-0: Swinging Strike
1-1: Ball
2-1: Ground out 4-3 (Groundball, 4M, EV 101.9 MPH)
Chris McDaniel to third
Batting: LHB Ramelan Nasution 0-0: Ball
1-0: Ball
2-0: Ball
3-0: Base on Balls
Batting: RHB Rene Napoles 0-0: DOUBLE (Line Drive, 89D, EV 107.5 MPH)
Chris McDaniel scores
Ramelan Nasution to third
Runner from 3rd tries for Home, SAFE, no throw by RF
Batting: RHB Ferri Casteleijn 0-0: Called Strike
0-1: Ball
1-1: Ball
2-1: Ball
3-1: Base on Balls
Batting: LHB Nate Kokx 0-0: Called Strike
0-1: Foul Ball, location: 2F
0-2: Foul Ball, location: 2F
0-2: Ball
1-2: Fly out, F8 (Flyball, 8LD, EV 87.5 MPH)
Bottom of the 7th over - 2 runs, 2 hits, 0 errors, 2 left on base; Louisiana State University 1 - Coastal Carolina University 3
TOP OF THE 8TH
Louisiana State University Tigers batting - Pitching for Coastal Carolina University Chanticleers : LHP Anthon Kok
Pitching: RHP Quentin Archdeacon
Batting: RHB Alfredo Padilla 0-0: Ball
1-0: Ball
2-0: SINGLE (Groundball, 56D, EV 106.9 MPH)
Batting: SHB Brian Caruso 0-0: Foul Ball, location: 2F
0-1: Ball
1-1: Foul Ball, location: 2F
1-2: Foul Ball, location: 2F
1-2: Hit by Pitch
Alfredo Padilla to second
Pinch Hitting: RHB Byung-hee Jee 0-0: Sac Bunt to 13S - play at first, batter OUT! 1-3
Alfredo Padilla to third
Brian Caruso to second
Pinch Hitting: LHB Jon Valdez 0-0: Ball
1-0: Foul Ball, location: 2F
1-1: Swinging Strike
1-2: Strikes out looking
Batting: RHB Zachary Acker 0-0: Ball
1-0: Ball
Wild Pitch!
Alfredo Padilla scores
Brian Caruso to third
2-0: Foul Ball, location: 2F
2-1: Ball
3-1: Ground out 5-3 (Groundball, 5, EV 94.4 MPH)
Top of the 8th over - 1 run, 1 hit, 0 errors, 1 left on base; Louisiana State University 2 - Coastal Carolina University 3
BOTTOM OF THE 8TH
Coastal Carolina University Chanticleers batting - Pitching for Louisiana State University Tigers : RHP Jessie Amann
Pitching: RHP Brett Carothers
Now at SS: Byung-hee Jee
Now in LF: Earl Silver
Batting: LHB Justin Sanders 0-0: Called Strike
0-1: Called Strike
0-2: Ball
1-2: Ball
2-2: Ball
3-2: Strikes out looking
Batting: LHB Tim Kirby 0-0: Swinging Strike
0-1: Called Strike
0-2: Ball
1-2: Strikes out looking
Batting: RHB Chris McDaniel 0-0: Called Strike
0-1: Ball
1-1: Ground out 6-3 (Groundball, 6S, EV 83.8 MPH)
Bottom of the 8th over - 0 runs, 0 hits, 0 errors, 0 left on base; Louisiana State University 2 - Coastal Carolina University 3
TOP OF THE 9TH
Louisiana State University Tigers batting - Pitching for Coastal Carolina University Chanticleers : RHP Quentin Archdeacon
Pitching: RHP Eddie Larnach
Pinch Hitting: SHB Paul Blaylock 0-0: Foul Ball, location: 2F
0-1: Swinging Strike
0-2: Ball
1-2: Strikes out swinging
Batting: RHB Leo Roldan 0-0: Ball
1-0: Swinging Strike
1-1: Swinging Strike
1-2: Foul Ball, location: 2F
1-2: Strikes out swinging
Batting: LHB Manny Grado 0-0: Called Strike
0-1: Ball
1-1: Ball
2-1: Swinging Strike
2-2: Foul Ball, location: 2F
2-2: Foul Ball, location: 2F
2-2: Strikes out swinging
Top of the 9th over - 0 runs, 0 hits, 0 errors, 0 left on base; Louisiana State University 2 - Coastal Carolina University 3
Tuesday, March 28th , 2023 - OOTP Baseball 23.10 Build 110